 Dungeon Crawl Stone Soup version 0.17-a0-1651-gae1a69f (webtiles) character file.

133 Crag the Insei (level 5, -2/44 HPs)
             Began as a Naga Transmuter on Aug 15, 2015.
             Slain by an orc wizard
             ... wielding a +0 dagger
              (4 damage)
             ... on level 2 of the Dungeon.
             The game lasted 00:08:55 (1992 turns).

Crag the Insei (Naga Transmuter)                    Turns: 1992, Time: 00:08:55

Health: -2/44      AC:  3    Str: 12    XL:     5   Next: 16%
Magic:  8/8        EV: 10    Int: 14    God:
Gold:   74         SH:  0    Dex: 12    Spells: 2 memorised, 4 levels left

rFire  . . .     SeeInvis +       - Unarmed
rCold  . . .     Clarity  .     b - +1 robe
rNeg   . . .     SustAt   .     (no shield)
rPois  +         Gourm    .     (no helmet)
rElec  .         Spirit   .     (no cloak)
rCorr  .         Warding  .     (no gloves)
rMut   .         Stasis   .     (no barding)
MR     .....                    h - amulet of regeneration
Stlth  +.........               (no ring)
                                m - ring of flight

@: slowed, very slow, not resistant to hostile enchantments, very unstealthy
A: see invisible, deformed body, poison resistance, slowness 2, slow metabolism
1, spit poison 2, AC +1
a: Spit Poison, Evoke Flight


You were on level 2 of the Dungeon.
You were not hungry.

You visited 1 branch of the dungeon, and saw 3 of its levels.

You collected 74 gold pieces.

Inventory:

Hand weapons
 g - a -1 spear
Missiles
 a - 54 arrows
Armour
 b - a +1 robe (worn)
Jewellery
 h - an amulet of regeneration (around neck)
 m - a ring of flight (left hand)
Scrolls
 e - a scroll of identify
 l - a scroll of remove curse {unknown}
 n - a scroll of fog {unknown}
 p - a scroll of enchant weapon
 q - a scroll of immolation {unknown}
 s - a scroll of enchant armour
Potions
 i - a potion of agility {unknown}
 j - 2 potions of curing {unknown}
 r - a potion of lignification {unknown}
Books
 c - a book of Changes

   Spells                             Type                      Level
   a - Beastly Appendage              Transmutation                1
   b - Sticks to Snakes               Transmutation                2
   c - Spider Form                    Transmutation/Poison         3
   d - Ice Form                       Ice/Transmutation            4
   e - Blade Hands                    Transmutation                5
Comestibles
 d - 2 bread rations
 f - a beef jerky
 k - 2 meat rations


   Skills:
 - Level 1.0 Fighting
 - Level 1.5 Dodging
 * Level 5.4 Unarmed Combat
 - Level 2.0 Spellcasting
 + Level 2.6 Transmutations


You had 4 spell levels left.
You knew the following spells:

 Your Spells              Type           Power        Failure   Level  Hunger
a - Beastly Appendage     Trmt           #.....       10%         1    ##.....
b - Spider Form           Trmt/Pois      #.........   47%         3    ####...


Dungeon Overview and Level Annotations

Branches:
Dungeon (3/15)

Altars:
Fedhas
Gozag
Okawaru


Innate Abilities, Weirdness & Mutations

You cannot wear boots.
Your serpentine skin is tough (AC +1).
You have supernaturally acute eyesight.
Armour fits poorly on your strangely shaped body.
Your system is resistant to poisons.
You cover ground very slowly.
You have a slow metabolism.
You can spit poison.


Message History

The orc wizard barely misses you. The orc wizard closely misses you.
You hit the orc wizard but do no damage.
The orc wizard is heavily wounded.
The orc wizard barely misses you. The orc wizard casts a spell at you.
The magic dart hits you!
* * * LOW HITPOINT WARNING * * *
You closely miss the orc wizard.
The orc wizard is heavily wounded.
The orc wizard casts a spell at you. The magic dart hits you!
* * * LOW HITPOINT WARNING * * *
The orc wizard hits you with a dagger.
* * * LOW HITPOINT WARNING * * *
Drink which item? (? for menu, Esc to quit)
Okay, then.
You hit the orc wizard.
The orc wizard is severely wounded.
The orc wizard hits you with a dagger.
You die...

# ###########.#.# #.............
# #.....###.#.# #....######'## #
#.....#.....# #....'....#.##
######.....#.....# #....####.#...
...........#.....# #.......#.####
...........#.....###.....#.#.....
...........#.(.....#.....#.#..###
<..........#.......###'#.#....##.
.......#####....@..'...#.####.#..
.....### #...o...#####.# #.#..
###..# #.......#..<#.# #....
.....# #.......#.###.# #.#.#
###.#### #.......#.# #.######.#
.......# #.......#.# #.#....#..
###.##.# #.......#.# #.#.##.#..
.......# ##........# #.#......#
###.#..######.###.##.###.#..#.#.#


You could see an orc wizard.

Vanquished Creatures
  Natasha (thrice) (D:2)
  5 adders (D:2)
  2 oozes
  8 bats
  4 giant cockroaches
  5 hobgoblins
  6 jackals
  A quokka (D:2)
  3 giant newts
  3 goblins
  5 kobolds
  3 rats
48 creatures vanquished.

Notes
Turn   | Place    | Note
--------------------------------------------------------------
     0 | D:1      | Crag the Naga Transmuter began the quest for the Orb.
     0 | D:1      | Reached XP level 1. HP: 18/18 MP: 3/3
   274 | D:1      | Reached XP level 2. HP: 4/25 MP: 5/5
   744 | D:1      | Reached skill level 4 in Unarmed Combat
   825 | D:2      | Reached XP level 3. HP: 31/31 MP: 6/6
   950 | D:2      | Noticed Natasha
   959 | D:2      | Killed Natasha
   977 | D:2      | Reached XP level 4. HP: 20/38 MP: 7/7
  1045 | D:2      | Learned a level 3 spell: Spider Form
  1103 | D:2      | Reached skill level 5 in Unarmed Combat
  1314 | D:2      | Found an opulent altar of Gozag.
  1318 | D:2      | Found an iron altar of Okawaru.
  1358 | D:2      | Noticed Natasha
  1366 | D:2      | Killed Natasha
  1373 | D:2      | Reached XP level 5. HP: 2/44 MP: 8/8
  1373 | D:2      | HP: 2/44 [poisoned by an adder]
  1516 | D:2      | Found a blossoming altar of Fedhas.
  1560 | D:2      | Noticed Natasha
  1567 | D:2      | Killed Natasha
  1991 | D:2      | HP: 1/44 [orc wizard/dagger (2)]
  1992 | D:2      | Slain by an orc wizard

Vault maps used:
D:1:      tarquinn_simple_flora_water_d, kennysheep_doodads
D:2:      overflow_temple_1_default, overflow_temple_1_default,
          okawaru_metal_pillars_1_2, uniq_natasha
D:3:      corexii_shack_village

Action                   |  1- 3 |  4- 6 || total
-------------------------+-------+-------++-------
Melee: Spear             |    40 |       ||    40
       Unarmed           |    85 |   138 ||   223
 Abil: Spit Poison       |       |     1 ||     1
  Use: Scroll            |     3 |       ||     3
       Potion            |     1 |       ||     1
 Stab: Sleeping          |     1 |       ||     1
  Eat: Chunk             |       |     5 ||     5
